[Event "39th Olympiad Khanty-Mansiysk 2010"]
[Site "Khanty-Mansiysk/Russia"]
[Date "2010.09.21"]
[Round "1"]
[White "Madl, Ildiko"]
[Black "Rutherford, Elaine"]
[Result "1-0"]
[WhiteElo "2397"]
[BlackElo "2080"]
[PlyCount "117"]
[EventDate "2010.??.??"]
[WhiteTeam "Hungary"]
[BlackTeam "Scotland"]
[WhiteTeamCountry "HUN"]
[BlackTeamCountry "SCO"]
[TimeControl "40/5400+30:1800+30"]

1. e4 d6 2. d4 Nf6 3. Nc3 e5 4. Nf3 Nbd7 5. Bc4 Be7 6. O-O O-O 7. Re1 c6 8. a4
b6 9. b3 Bb7 10. Bb2 Qc7 11. Bd3 Rfd8 12. Qd2 a6 13. Ne2 c5 14. d5 c4 15. bxc4
Nc5 16. Nc3 Rdb8 17. Bf1 Bc8 18. g3 Bd8 19. Nh4 Qd7 20. Bg2 Ng4 21. Nf5 g6 22.
Ne3 Bg5 23. Rf1 Bxe3 24. fxe3 Qe8 25. h3 Nh6 26. Qf2 Qe7 27. Qf6 Ra7 28. Ba3
Rd7 29. Rab1 Qxf6 30. Rxf6 Rbb7 31. g4 Kg7 32. Rf2 Rdc7 33. Rbf1 Ng8 34. g5 Re7
35. Kh2 Bd7 36. Rb1 Be8 37. Rff1 Rec7 38. Rb2 Ne7 39. Rfb1 Nc8 40. Bf1 Nxa4 41.
Nxa4 Bxa4 42. Bb4 Ra7 43. Ra2 Be8 44. c5 dxc5 45. Bc3 f6 46. gxf6+ Kxf6 47.
Bxa6 Re7 48. Raa1 Bd7 49. Bxc8 Rxa1 50. Bxa1 Bxc8 51. Rxb6+ Kg5 52. Kg3 Bd7 53.
Rb7 h5 54. d6 h4+ 55. Kh2 Rf7 56. Bxe5 Rf2+ 57. Kg1 Rf7 58. Bc3 Kh6 59. e5 1-0

[Event "39th Olympiad Khanty-Mansiysk 2010"]
[Site "Khanty-Mansiysk/Russia"]
[Date "2010.09.21"]
[Round "1"]
[White "Foisor, Cristina-Adela"]
[Black "Elgohary, Myada"]
[Result "1-0"]
[WhiteElo "2395"]
[BlackElo "1751"]
[PlyCount "75"]
[EventDate "2010.??.??"]
[WhiteTeam "ROU"]
[BlackTeam "Egypt"]
[BlackTeamCountry "EGY"]
[TimeControl "40/5400+30:1800+30"]

1. d4 Nf6 2. c4 g6 3. Nc3 Bg7 4. Nf3 O-O 5. g3 d5 6. cxd5 Nxd5 7. Bg2 Nxc3 8.
bxc3 c5 9. O-O cxd4 10. cxd4 Nc6 11. e3 Bf5 12. Bb2 Qb6 13. Qb3 Qxb3 14. axb3
Bc2 15. Nd2 Bd3 16. Rfc1 Bb5 17. Ba3 Rfe8 18. Ra2 e6 19. Ne4 Red8 20. Nd6 a6
21. Nxb7 Rd7 22. Nd6 Rc7 23. Bb2 Rb8 24. Nxb5 axb5 25. Rxc6 Rxc6 26. Bxc6 b4
27. Ra8 Rxa8 28. Bxa8 Kf8 29. Bc1 Ke8 30. Bd2 Bf8 31. Kf1 f5 32. Ke2 Kd7 33.
Kd3 g5 34. Kc4 Kc7 35. Bxb4 Bxb4 36. Kxb4 Kb6 37. Kc4 h5 38. d5 1-0

[Event "39th Olympiad Khanty-Mansiysk 2010"]
[Site "Khanty-Mansiysk/Russia"]
[Date "2010.09.21"]
[Round "1"]
[White "Pacheco, Marco"]
[Black "Cooper, Gary"]
[Result "1-0"]
[WhiteElo "2392"]
[BlackElo "1886"]
[PlyCount "89"]
[EventDate "2010.??.??"]
[WhiteTeam "Peru"]
[BlackTeam "Bermuda"]
[WhiteTeamCountry "PER"]
[BlackTeamCountry "BER"]
[TimeControl "40/5400+30:1800+30"]

1. d4 d5 2. c4 e6 3. Nf3 a6 4. cxd5 exd5 5. Nc3 Nf6 6. Bg5 Be7 7. e3 O-O 8. Qc2
c6 9. Bd3 h6 10. Bh4 Re8 11. O-O Bg4 12. Ne5 Bc8 13. f4 Ne4 14. Bxe7 Rxe7 15.
Nxe4 dxe4 16. Bxe4 Nd7 17. Rad1 Nf6 18. Bf3 Qc7 19. a3 Bd7 20. e4 Be8 21. d5
Rxe5 22. fxe5 Qxe5 23. Rfe1 Bd7 24. Qc3 Qg5 25. d6 Re8 26. e5 Nd5 27. Bxd5 cxd5
28. Rxd5 Bc6 29. Rd2 Qf5 30. Qg3 Qd7 31. Rf2 Re6 32. Rf6 Kh8 33. Rxe6 Qxe6 34.
h3 Kg8 35. Rd1 Qd7 36. Rd4 Qf5 37. Kh2 Qe6 38. Rg4 g6 39. Qf4 Kg7 40. Rg3 Kh7
41. Qf6 Qxf6 42. exf6 g5 43. Rc3 Kg6 44. Rxc6 bxc6 45. d7 1-0

[Event "39th Olympiad Khanty-Mansiysk 2010"]
[Site "Khanty-Mansiysk/Russia"]
[Date "2010.09.21"]
[Round "1"]
[White "Eid, Fadi"]
[Black "Leitao, Rafael"]
[Result "0-1"]
[WhiteElo "2387"]
[BlackElo "2624"]
[PlyCount "54"]
[EventDate "2010.??.??"]
[WhiteTeam "Lebanon"]
[BlackTeam "Brazil"]
[WhiteTeamCountry "LBN"]
[BlackTeamCountry "BRA"]
[TimeControl "40/5400+30:1800+30"]

1. e4 c5 2. Nf3 Nc6 3. d4 cxd4 4. Nxd4 e6 5. Nc3 Qc7 6. a3 a6 7. Be3 Nf6 8. f4
d6 9. Qf3 Be7 10. O-O-O Nxd4 11. Bxd4 O-O 12. g4 e5 13. fxe5 dxe5 14. Qg3 Bd6
15. Bf2 Be6 16. g5 Nh5 17. Qf3 Nf4 18. Nd5 Bxd5 19. exd5 b5 20. Bg3 b4 21. a4
b3 22. Qxb3 Rab8 23. Qc3 Qb6 24. Bxf4 exf4 25. a5 Qb7 26. Bh3 Rfe8 27. Rhe1
Rxe1 0-1

[Event "39th Olympiad Khanty-Mansiysk 2010"]
[Site "Khanty-Mansiysk/Russia"]
[Date "2010.09.21"]
[Round "1"]
[White "Polaczek, Richard"]
[Black "Isaev, Jamshed"]
[Result "1-0"]
[WhiteElo "2385"]
[BlackElo "2382"]
[PlyCount "91"]
[EventDate "2010.??.??"]
[WhiteTeam "Belgium"]
[BlackTeam "Tajikistan"]
[WhiteTeamCountry "BEL"]
[BlackTeamCountry "TJK"]
[TimeControl "40/5400+30:1800+30"]

1. d4 Nf6 2. Bg5 Ne4 3. Bf4 c5 4. f3 Nf6 5. dxc5 Qa5+ 6. Qd2 Qxc5 7. e4 Nc6 8.
c4 g6 9. Nc3 Bg7 10. Rc1 Nh5 11. Be3 Qa5 12. Nge2 O-O 13. g4 Nf6 14. Ng3 d6 15.
Be2 Be6 16. O-O Rfd8 17. Rfd1 Rac8 18. Nd5 Qxd2 19. Rxd2 b6 20. b3 Kf8 21. g5
Nd7 22. f4 Bxd5 23. exd5 Nb4 24. a3 Na6 25. b4 Nc7 26. Bg4 h5 27. Bh3 Rb8 28.
Ne2 a5 29. Nd4 axb4 30. axb4 Bxd4 31. Bxd4 Na6 32. Rb2 Rb7 33. Ra1 Ndb8 34. Bf1
Nc7 35. Rba2 b5 36. Ra7 Rxa7 37. Rxa7 Nca6 38. cxb5 Nxb4 39. Bg2 Rc8 40. b6
Rc1+ 41. Bf1 Rd1 42. Ra8 N4a6 43. b7 Rb1 44. Ba7 Kg7 45. Bxb8 Nc5 46. Bxd6 1-0

[Event "39th Olympiad Khanty-Mansiysk 2010"]
[Site "Khanty-Mansiysk/Russia"]
[Date "2010.09.21"]
[Round "1"]
[White "Kreisl, Robert"]
[Black "Huguet, Sergio"]
[Result "1-0"]
[WhiteElo "2376"]
[BlackElo "2142"]
[PlyCount "81"]
[EventDate "2010.??.??"]
[WhiteTeam "Austria"]
[BlackTeam "Honduras"]
[WhiteTeamCountry "AUT"]
[BlackTeamCountry "HON"]
[TimeControl "40/5400+30:1800+30"]

1. Nf3 d5 2. d4 c6 3. c4 e6 4. e3 f5 5. Bd3 Nf6 6. O-O Bd6 7. b3 O-O 8. Ba3
Bxa3 9. Nxa3 Ne4 10. Ne5 Nd7 11. f4 Qh4 12. Qe1 Qxe1 13. Rfxe1 Nxe5 14. dxe5
Bd7 15. Bxe4 fxe4 16. Rac1 Rac8 17. Red1 Kf7 18. c5 Ke7 19. Nc2 Ra8 20. Nd4 g6
21. Rd2 a5 22. a3 Ra6 23. Rf2 Ra7 24. g4 Ra6 25. h4 Raa8 26. Rh2 h5 27. gxh5
gxh5 28. Rg2 Rg8 29. Rg5 Rxg5+ 30. fxg5 Rf8 31. Rf1 Rxf1+ 32. Kxf1 Kf7 33. b4
a4 34. Kf2 Kg6 35. Kg3 Bc8 36. Kf4 Bd7 37. Ne2 Be8 38. Nc3 Bd7 39. Nxa4 Kf7 40.
Nb6 Be8 41. Nc8 1-0

[Event "39th Olympiad Khanty-Mansiysk 2010"]
[Site "Khanty-Mansiysk/Russia"]
[Date "2010.09.21"]
[Round "1"]
[White "Kobese, Watu"]
[Black "Mamedov, Rauf"]
[Result "0-1"]
[WhiteElo "2370"]
[BlackElo "2660"]
[PlyCount "110"]
[EventDate "2010.??.??"]
[WhiteTeam "South Africa"]
[BlackTeam "Azerbaijan"]
[WhiteTeamCountry "RSA"]
[BlackTeamCountry "AZE"]
[TimeControl "40/5400+30:1800+30"]

1. e4 c5 2. Nf3 Nc6 3. d4 cxd4 4. Nxd4 g6 5. c4 Bg7 6. Be3 Nf6 7. Nc3 O-O 8.
Be2 d6 9. O-O Bd7 10. Qd2 Nxd4 11. Bxd4 Bc6 12. Bd3 a5 13. Rae1 a4 14. f4 e5
15. fxe5 Ng4 16. Nd5 Bxd5 17. cxd5 Nxe5 18. Be2 Qh4 19. Bb5 a3 20. b3 Rac8 21.
Re2 Ng4 22. h3 Bxd4+ 23. Qxd4 Ne5 24. Bd3 Qg5 25. Bb1 Rc5 26. Qd2 Qe7 27. Qb4
Ra8 28. Rc2 Rxc2 29. Bxc2 Qc7 30. Bb1 Kg7 31. Kh2 b6 32. Qd2 Rc8 33. Qg5 b5 34.
Rf2 Qb6 35. Qf6+ Kg8 36. Bd3 h5 37. Bf1 Rc3 38. Qf4 b4 39. Bc4 Qc5 40. Bf1 Re3
41. Qf6 Re1 42. Bc4 Qe3 43. Bb5 Qc1 44. Rf1 Rxf1 45. Qxf1 Qb2 46. Qe2 h4 47.
Kg1 Qd4+ 48. Kf1 g5 49. Qc2 Kg7 50. Ke1 g4 51. Be2 Qg1+ 52. Bf1 gxh3 53. Qd2 h2
54. Qg5+ Ng6 55. e5 h1=Q 0-1

[Event "39th Olympiad Khanty-Mansiysk 2010"]
[Site "Khanty-Mansiysk/Russia"]
[Date "2010.09.21"]
[Round "1"]
[White "Kovanova, Baira"]
[Black "Agrest, Inna"]
[Result "1-0"]
[WhiteElo "2370"]
[BlackElo "2161"]
[PlyCount "55"]
[EventDate "2010.??.??"]
[WhiteTeam "RU3"]
[BlackTeam "Sweden"]
[BlackTeamCountry "SWE"]
[TimeControl "40/5400+30:1800+30"]

1. e4 e5 2. Nf3 Nc6 3. Bc4 Nf6 4. d3 h6 5. O-O d6 6. c3 g6 7. d4 Qe7 8. Re1 Bg7
9. Nbd2 O-O 10. h3 Bd7 11. Nf1 Rae8 12. Ng3 Qd8 13. Bb3 Qc8 14. Bc2 Nd8 15. Be3
c5 16. dxe5 dxe5 17. Qd6 b6 18. Bxh6 Bxh6 19. Qxf6 Re6 20. Qh4 Kg7 21. Rad1 f6
22. Qg4 Kh7 23. Nh4 Bg5 24. Nxg6 Rg8 25. Nh4 Nf7 26. Bb3 Nh6 27. Rxd7+ Qxd7 28.
Qxe6 1-0

[Event "39th Olympiad Khanty-Mansiysk 2010"]
[Site "Khanty-Mansiysk/Russia"]
[Date "2010.09.21"]
[Round "1"]
[White "Pokorna, Regina"]
[Black "Nur, Nabila Azman Hisham"]
[Result "1-0"]
[WhiteElo "2370"]
[BlackElo "1829"]
[PlyCount "37"]
[EventDate "2010.??.??"]
[WhiteTeam "Slovakia"]
[BlackTeam "Malaysia"]
[WhiteTeamCountry "SVK"]
[BlackTeamCountry "MAS"]
[TimeControl "40/5400+30:1800+30"]

1. e4 c5 2. Nf3 e6 3. d4 cxd4 4. Nxd4 a6 5. Nc3 Qc7 6. Be2 Nf6 7. O-O b5 8. Bf3
e5 9. Nf5 d6 10. Bg5 Nbd7 11. Qd2 Nb6 12. Bxf6 gxf6 13. Nd5 Nxd5 14. Qxd5 Rb8
15. Bh5 Be6 16. Qxe6+ Kd8 17. Bxf7 Qd7 18. Qxf6+ Kc7 19. Be6 1-0

[Event "39th Olympiad Khanty-Mansiysk 2010"]
[Site "Khanty-Mansiysk/Russia"]
[Date "2010.09.21"]
[Round "1"]
[White "Minhazuddin, Ahmed"]
[Black "Cheparinov, Ivan"]
[Result "0-1"]
[WhiteElo "2368"]
[BlackElo "2661"]
[PlyCount "94"]
[EventDate "2010.??.??"]
[WhiteTeam "Bangladesh"]
[BlackTeam "Bulgaria"]
[WhiteTeamCountry "BAN"]
[BlackTeamCountry "BUL"]
[TimeControl "40/5400+30:1800+30"]

1. e4 c5 2. Nf3 d6 3. d4 cxd4 4. Nxd4 Nf6 5. Nc3 a6 6. Be2 Nbd7 7. f4 g6 8. Bf3
Bg7 9. O-O O-O 10. Kh1 Qc7 11. Be3 e5 12. Nde2 b5 13. fxe5 dxe5 14. Nd5 Nxd5
15. Qxd5 Bb7 16. Qb3 Rac8 17. Rad1 Nc5 18. Bxc5 Qxc5 19. Nc3 Qc4 20. Qxc4 Rxc4
21. Rd7 Bc8 22. Ra7 Be6 23. Rxa6 b4 24. Nd5 Bxd5 25. exd5 e4 26. b3 Rd4 27. Be2
e3 28. Ra7 Rd2 29. Re1 Bc3 30. Rc7 Rxc2 31. Bb5 Rxa2 32. Rb1 e2 33. Re7 e1=Q+
34. Rexe1 Bxe1 35. Rxe1 Rfa8 36. Ba4 Rd2 37. h3 Rd4 38. Re3 Ra5 39. Bc6 Kg7 40.
Kh2 Rc5 41. Re7 Rc3 42. Ba4 Rxd5 43. Re4 Rd2 44. Rxb4 Rcc2 45. Rg4 f5 46. Rg5
h6 47. Rg3 f4 0-1

[Event "39th Olympiad Khanty-Mansiysk 2010"]
[Site "Khanty-Mansiysk/Russia"]
[Date "2010.09.21"]
[Round "1"]
[White "Juarez, Flores Carlos A"]
[Black "Stevic, Hrvoje"]
[Result "0-1"]
[WhiteElo "2366"]
[BlackElo "2607"]
[PlyCount "68"]
[EventDate "2010.??.??"]
[WhiteTeam "Guatemala"]
[BlackTeam "Croatia"]
[WhiteTeamCountry "GUA"]
[BlackTeamCountry "CRO"]
[TimeControl "40/5400+30:1800+30"]

1. e4 e5 2. Nf3 Nc6 3. Bc4 Nf6 4. d3 Be7 5. Nbd2 O-O 6. c3 d5 7. Bb5 Bd6 8. O-O
a6 9. Ba4 dxe4 10. dxe4 b5 11. Bc2 Ne7 12. a4 Bb7 13. Re1 Ng6 14. Nf1 c5 15.
Ng3 Bc7 16. Be3 c4 17. Bc5 Re8 18. Nf5 Qxd1 19. Raxd1 Bc6 20. axb5 axb5 21. g3
Red8 22. Rxd8+ Rxd8 23. Be7 Ra8 24. Nh6+ gxh6 25. Bxf6 Ra2 26. Rb1 Be8 27. Kf1
Ra6 28. Bh4 Bd7 29. Kg2 Kg7 30. Rd1 Bc6 31. Rd2 Ra2 32. Bb1 Ra1 33. Bc2 Rc1 34.
Ng1 Rxc2 0-1

[Event "39th Olympiad Khanty-Mansiysk 2010"]
[Site "Khanty-Mansiysk/Russia"]
[Date "2010.09.21"]
[Round "1"]
[White "Karavade, Eesha"]
[Black "Cimaj, Rozana"]
[Result "1-0"]
[WhiteElo "2365"]
[BlackElo "1972"]
[PlyCount "93"]
[EventDate "2010.??.??"]
[WhiteTeam "India"]
[BlackTeam "Albania"]
[WhiteTeamCountry "IND"]
[BlackTeamCountry "ALB"]
[TimeControl "40/5400+30:1800+30"]

1. d4 Nf6 2. c4 e6 3. Nf3 d5 4. Nc3 Be7 5. Bf4 O-O 6. e3 Nh5 7. Be5 Nc6 8. Bg3
dxc4 9. Bxc4 b6 10. Bb5 Bb7 11. O-O Nxg3 12. hxg3 Nb4 13. Qb3 c6 14. Be2 c5 15.
Rfd1 Qc7 16. Nb5 Qc6 17. a3 Nd5 18. Ne5 Qc8 19. dxc5 Bxc5 20. Rac1 a6 21. Nd6
Qc7 22. Nxb7 Qxe5 23. Nxc5 bxc5 24. Rd2 Rfb8 25. Qc2 Nxe3 26. fxe3 Qxe3+ 27.
Kf1 Qxg3 28. Bf3 Qf4 29. Rcd1 e5 30. Qe4 Qg5 31. Rd5 Re8 32. Rxe5 Qxe5 33. Qxa8
Rxa8 34. Bxa8 g5 35. Rd5 Qxd5 36. Bxd5 a5 37. Ke2 Kf8 38. Kd3 Ke7 39. Kc4 h5
40. Kxc5 f5 41. b4 axb4 42. axb4 Kd7 43. Bf7 h4 44. Kd5 Ke7 45. Be6 Kf6 46. b5
g4 47. Kd6 1-0

[Event "39th Olympiad Khanty-Mansiysk 2010"]
[Site "Khanty-Mansiysk/Russia"]
[Date "2010.09.21"]
[Round "1"]
[White "Ordaz Valdes, Lisandra Te"]
[Black "Mazariego-K, Carolina"]
[Result "1/2-1/2"]
[WhiteElo "2359"]
[BlackElo "2086"]
[PlyCount "53"]
[EventDate "2010.??.??"]
[WhiteTeam "Cuba"]
[BlackTeam "Guatemala"]
[WhiteTeamCountry "CUB"]
[BlackTeamCountry "GUA"]
[TimeControl "40/5400+30:1800+30"]

1. d4 d6 2. c4 e5 3. Nf3 Nc6 4. Nc3 h6 5. d5 Nce7 6. e4 f5 7. exf5 Bxf5 8. Nh4
Bh7 9. c5 a6 10. cxd6 Qxd6 11. Qb3 O-O-O 12. Be2 Nf6 13. O-O Nexd5 14. Nxd5
Qxd5 15. Bc4 Qa5 16. Bf7 Bd3 17. Rd1 Bc5 18. Be3 Bxe3 19. fxe3 e4 20. Ng6 Qg5
21. Nxh8 Qxe3+ 22. Kh1 Rxh8 23. Rac1 Kb8 24. Bd5 Nxd5 25. Qxd5 Rf8 26. Qe5 Qf4
27. Ra1 1/2-1/2

[Event "39th Olympiad Khanty-Mansiysk 2010"]
[Site "Khanty-Mansiysk/Russia"]
[Date "2010.09.21"]
[Round "1"]
[White "Kashlinskaya, Alina"]
[Black "Ho, En Huei Danielle"]
[Result "1-0"]
[WhiteElo "2358"]
[BlackElo "1914"]
[PlyCount "55"]
[EventDate "2010.??.??"]
[WhiteTeam "RU2"]
[BlackTeam "Singapore"]
[BlackTeamCountry "SIN"]
[TimeControl "40/5400+30:1800+30"]

1. d4 d5 2. c4 c6 3. Nc3 Nf6 4. Nf3 dxc4 5. a4 e6 6. e4 Bb4 7. Bg5 h6 8. Bxf6
Qxf6 9. Bxc4 O-O 10. O-O c5 11. e5 Qe7 12. d5 Bxc3 13. d6 Qd8 14. bxc3 Bd7 15.
Qe2 Qa5 16. Qe3 Bc6 17. Nd2 Nd7 18. f4 Rfe8 19. f5 Qd8 20. f6 b6 21. Bd3 Nxf6
22. exf6 Qxd6 23. fxg7 Kxg7 24. Nc4 Qd5 25. Qg3+ Qg5 26. Qxg5+ hxg5 27. Ne5
Red8 28. Rxf7+ 1-0

[Event "39th Olympiad Khanty-Mansiysk 2010"]
[Site "Khanty-Mansiysk/Russia"]
[Date "2010.09.21"]
[Round "1"]
[White "Rodgaard, John"]
[Black "Kamsky, Gata"]
[Result "0-1"]
[WhiteElo "2352"]
[BlackElo "2705"]
[PlyCount "118"]
[EventDate "2010.??.??"]
[WhiteTeam "Faroe Islands"]
[BlackTeam "United States"]
[WhiteTeamCountry "FAI"]
[BlackTeamCountry "USA"]
[TimeControl "40/5400+30:1800+30"]

1. c4 Nf6 2. Nf3 c5 3. Nc3 b6 4. d4 cxd4 5. Nxd4 Bb7 6. f3 Nc6 7. e4 e6 8. Be3
Qc7 9. Be2 a6 10. Rc1 Bc5 11. Qd2 d6 12. O-O Nxd4 13. Bxd4 Bxd4+ 14. Qxd4 Qc5
15. Rfd1 Ke7 16. Na4 Qxd4+ 17. Rxd4 Bc6 18. Nc3 a5 19. Kf2 g5 20. Ke3 h5 21.
Rd2 h4 22. Bd1 Rac8 23. Bb3 Nd7 24. Bd1 Ne5 25. Be2 Rhf8 26. Rcd1 Rcd8 27. b3
f5 28. exf5 Rxf5 29. h3 Ng6 30. Bd3 Re5+ 31. Kf2 Nf4 32. Bf1 d5 33. cxd5 exd5
34. Bb5 Bxb5 35. Nxb5 Rc8 36. Nd4 Kf6 37. Nb5 Rc5 38. Nd4 b5 39. g3 hxg3+ 40.
Kxg3 Ng6 41. b4 axb4 42. Nb3 Rc4 43. Rxd5 Ne7 44. Rxe5 Kxe5 45. Re1+ Kf6 46.
Re4 Nd5 47. Kf2 Nf4 48. Nd4 Nxh3+ 49. Ke3 Rc3+ 50. Kd2 Ra3 51. Re6+ Kf7 52. Re5
Rxa2+ 53. Ke3 Ra3+ 54. Ke4 Nf2+ 55. Kf5 Rd3 56. Nxb5 b3 57. Na3 b2 58. Rb5 Rxa3
59. Rxb2 Ra5+ 0-1

[Event "39th Olympiad Khanty-Mansiysk 2010"]
[Site "Khanty-Mansiysk/Russia"]
[Date "2010.09.21"]
[Round "1"]
[White "Al-Saffar, Araz Basim Moh"]
[Black "Efimenko, Zahar"]
[Result "0-1"]
[WhiteElo "2348"]
[BlackElo "2683"]
[PlyCount "69"]
[EventDate "2010.??.??"]
[WhiteTeam "Iraq"]
[BlackTeam "Ukraine"]
[WhiteTeamCountry "IRQ"]
[BlackTeamCountry "UKR"]
[TimeControl "40/5400+30:1800+30"]

1. d4 Nf6 2. Nf3 g6 3. c4 Bg7 4. Nc3 O-O 5. e4 d6 6. h3 Na6 7. Be3 c6 8. Be2 e5
9. dxe5 dxe5 10. Qxd8 Rxd8 11. Rd1 Re8 12. O-O Nh5 13. c5 Nc7 14. Bc4 h6 15.
Rd6 Be6 16. Bxe6 Nxe6 17. Rd7 Rab8 18. g4 Nhf4 19. h4 h5 20. gxh5 Nxh5 21. Rfd1
Nf6 22. R7d3 Ng4 23. b4 a5 24. a3 Ra8 25. Bc1 axb4 26. axb4 Nd4 27. Kg2 f5 28.
Ng5 Nf6 29. Be3 Nc2 30. R3d2 Na3 31. Ra2 Nc4 32. Rxa8 Rxa8 33. Ne6 Ra3 34. Rc1
f4 35. Nd1 0-1

[Event "39th Olympiad Khanty-Mansiysk 2010"]
[Site "Khanty-Mansiysk/Russia"]
[Date "2010.09.21"]
[Round "1"]
[White "Arias Santana, Mauricio"]
[Black "Akopian, Vladimir"]
[Result "1/2-1/2"]
[WhiteElo "2345"]
[BlackElo "2691"]
[PlyCount "61"]
[EventDate "2010.??.??"]
[WhiteTeam "Costa Rica"]
[BlackTeam "Armenia"]
[WhiteTeamCountry "CRI"]
[BlackTeamCountry "ARM"]
[TimeControl "40/5400+30:1800+30"]

1. d4 Nf6 2. c4 e6 3. Nf3 c5 4. e3 d5 5. Nc3 Nc6 6. a3 a6 7. cxd5 exd5 8. dxc5
Bxc5 9. b4 Bd6 10. Bb2 O-O 11. Be2 Re8 12. O-O Bg4 13. Re1 Bc7 14. Rc1 Qd6 15.
g3 Rad8 16. Na4 Ne4 17. Nc5 Nxc5 18. Rxc5 Bb6 19. Rc1 h5 20. Qc2 Qe7 21. Kg2
Qe4 22. h3 Bf5 23. Qxe4 dxe4 24. Ng1 Rd2 25. Bc3 Ra2 26. Ra1 Rxa1 27. Rxa1 Bg6
28. Rd1 Rd8 29. Rxd8+ Bxd8 30. Bc4 h4 31. Ne2 1/2-1/2

[Event "39th Olympiad Khanty-Mansiysk 2010"]
[Site "Khanty-Mansiysk/Russia"]
[Date "2010.09.21"]
[Round "1"]
[White "Ahmed, Abdul Sattar abdul"]
[Black "Ivanchuk, Vassily"]
[Result "0-1"]
[WhiteElo "2342"]
[BlackElo "2754"]
[PlyCount "48"]
[EventDate "2010.??.??"]
[WhiteTeam "Iraq"]
[BlackTeam "Ukraine"]
[WhiteTeamCountry "IRQ"]
[BlackTeamCountry "UKR"]
[TimeControl "40/5400+30:1800+30"]

1. e4 Nf6 2. Nc3 e5 3. Bc4 Nxe4 4. Nxe4 d5 5. d4 dxc4 6. Qe2 Qxd4 7. Nf3 Qd5 8.
Nc3 Bb4 9. O-O Bxc3 10. bxc3 Nc6 11. Ba3 f6 12. Nd4 Bd7 13. Rfd1 O-O-O 14. Nb3
Qf7 15. Nc5 b6 16. Nxd7 Rxd7 17. Rxd7 Qxd7 18. Qxc4 Rd8 19. h3 Kb7 20. Rb1 Qd5
21. Qa4 Qxa2 22. Rb2 Qd5 23. Kh2 Qd2 24. Bc5 Qxc3 0-1

[Event "39th Olympiad Khanty-Mansiysk 2010"]
[Site "Khanty-Mansiysk/Russia"]
[Date "2010.09.21"]
[Round "1"]
[White "Stojanovic, Andjelija"]
[Black "Mohammed Qane, jannar Wor"]
[Result "1-0"]
[WhiteElo "2337"]
[BlackElo "1906"]
[PlyCount "61"]
[EventDate "2010.??.??"]
[WhiteTeam "SRB"]
[BlackTeam "Iraq"]
[BlackTeamCountry "IRQ"]
[TimeControl "40/5400+30:1800+30"]

1. Nf3 Nf6 2. g3 g6 3. Bg2 Bg7 4. O-O O-O 5. c4 e6 6. d4 d5 7. Nc3 Nbd7 8. Bf4
a6 9. c5 Nh5 10. Bg5 Bf6 11. Bxf6 Ndxf6 12. Ne5 Nd7 13. e4 Nxe5 14. dxe5 c6 15.
f4 Qe7 16. b4 Rb8 17. Qd4 Rd8 18. Rad1 Ng7 19. a4 Bd7 20. a5 Ne8 21. g4 Nc7 22.
f5 Qg5 23. f6 Qxg4 24. Qe3 g5 25. Rf3 h6 26. Rg3 Qh5 27. Bf3 Qh4 28. Rg4 Qh5
29. h4 Kh8 30. Rxg5 Qxh4 31. Rh5 1-0

[Event "39th Olympiad Khanty-Mansiysk 2010"]
[Site "Khanty-Mansiysk/Russia"]
[Date "2010.09.21"]
[Round "1"]
[White "Nazarov, Anvar"]
[Black "Saibulatov, Daniyal"]
[Result "0-1"]
[WhiteElo "2335"]
[BlackElo "2400"]
[PlyCount "110"]
[EventDate "2010.??.??"]
[WhiteTeam "Tajikistan"]
[BlackTeam "Belgium"]
[WhiteTeamCountry "TJK"]
[BlackTeamCountry "BEL"]
[TimeControl "40/5400+30:1800+30"]

1. e3 g6 2. c4 Bg7 3. Nc3 c5 4. Nf3 Nh6 5. Be2 O-O 6. O-O Nc6 7. d3 d6 8. Bd2
Rb8 9. h3 a6 10. a4 f5 11. Qc1 Nf7 12. Rd1 g5 13. Nh2 h6 14. Rb1 b6 15. Rf1 e6
16. Na2 a5 17. Bc3 Nfe5 18. d4 cxd4 19. exd4 Ng6 20. Qd2 Nf4 21. Bf3 Ne7 22.
Rfe1 Qc7 23. b3 Neg6 24. Nc1 e5 25. d5 h5 26. Be2 g4 27. Bf1 Bh6 28. Qd1 Ne7
29. Bd2 Bg7 30. g3 Nfg6 31. b4 axb4 32. Bxb4 Bd7 33. Na2 f4 34. hxg4 fxg3 35.
fxg3 h4 36. gxh4 Nxh4 37. Nc3 Rf4 38. Ne4 Nc8 39. Bd2 Rf8 40. Bd3 Ra8 41. Ra1
Ne7 42. Bb4 Rf4 43. Bxd6 Qd8 44. Bb4 Bxg4 45. Be2 Bf5 46. Ng3 Neg6 47. Ra3 Qg5
48. Bd2 Bf8 49. d6 Bxd6 50. Bxf4 Bc5+ 51. Kh1 Nxf4 52. Bf3 Rd8 53. Qa1 Bxa3 54.
Qxa3 Rd3 55. Bd5+ Nxd5 0-1

[Event "39th Olympiad Khanty-Mansiysk 2010"]
[Site "Khanty-Mansiysk/Russia"]
[Date "2010.09.21"]
[Round "1"]
[White "Zimina, Olga"]
[Black "Latreche, Khadidja"]
[Result "1-0"]
[WhiteElo "2334"]
[BlackElo "1815"]
[PlyCount "75"]
[EventDate "2010.??.??"]
[WhiteTeam "Italy"]
[BlackTeam "Algeria"]
[WhiteTeamCountry "ITA"]
[BlackTeamCountry "ALG"]
[TimeControl "40/5400+30:1800+30"]

1. e4 e5 2. Nf3 Nc6 3. Bc4 Bc5 4. O-O Nf6 5. d3 d6 6. c3 a6 7. Bb3 Ba7 8. Be3
O-O 9. Bxa7 Rxa7 10. Re1 Ne7 11. d4 Ng6 12. Nbd2 Qe7 13. Nc4 Bg4 14. Ne3 Nh4
15. Nxg4 Nxg4 16. h3 Nxf3+ 17. Qxf3 Nf6 18. Rad1 Raa8 19. g3 Rad8 20. Kh2 h6
21. Qf5 Nh7 22. f4 exf4 23. gxf4 Qf6 24. Qxf6 Nxf6 25. Kg2 Kh8 26. Kf3 c6 27.
e5 Ne8 28. Re2 d5 29. f5 Nc7 30. Rg1 Rde8 31. Reg2 Rg8 32. Bd1 Kh7 33. Ke3 g6
34. fxg6+ fxg6 35. Bc2 Re6 36. Bf5 Re7 37. Rxg6 Rxg6 38. Rxg6 1-0

[Event "39th Olympiad Khanty-Mansiysk 2010"]
[Site "Khanty-Mansiysk/Russia"]
[Date "2010.09.21"]
[Round "1"]
[White "Majdan-Gajewska, Joanna"]
[Black "Finnbogadottir, Tinna Kri"]
[Result "1-0"]
[WhiteElo "2333"]
[BlackElo "1781"]
[PlyCount "67"]
[EventDate "2010.??.??"]
[WhiteTeam "Poland"]
[BlackTeam "Iceland"]
[WhiteTeamCountry "POL"]
[BlackTeamCountry "ISL"]
[TimeControl "40/5400+30:1800+30"]

1. e4 c5 2. Nf3 g6 3. d4 cxd4 4. Nxd4 Nc6 5. Nc3 Bg7 6. Be3 Nf6 7. Bc4 O-O 8.
Bb3 a5 9. a4 Ng4 10. Qxg4 Bxd4 11. Bh6 Bg7 12. Bxg7 Kxg7 13. Qg3 d6 14. Rd1 b6
15. Nd5 Ba6 16. Qc3+ Ne5 17. f4 e6 18. Ne3 f6 19. fxe5 fxe5 20. Bxe6 Qf6 21.
Rxd6 Rae8 22. Ng4 Qf4 23. Qe3 Rxe6 24. Qxf4 Rxf4 25. Rxe6 Rxe4+ 26. Kf2 Rxg4
27. b3 Bc8 28. Rxb6 Bf5 29. c3 Rf4+ 30. Ke3 Re4+ 31. Kd2 Rf4 32. Re1 e4 33. Ke3
g5 34. g4 1-0

[Event "39th Olympiad Khanty-Mansiysk 2010"]
[Site "Khanty-Mansiysk/Russia"]
[Date "2010.09.21"]
[Round "1"]
[White "Shukuraliev, Algis"]
[Black "Li, Chao B"]
[Result "1/2-1/2"]
[WhiteElo "2332"]
[BlackElo "2633"]
[PlyCount "100"]
[EventDate "2010.??.??"]
[WhiteTeam "Kyrgyzstan"]
[BlackTeam "China"]
[WhiteTeamCountry "KGZ"]
[BlackTeamCountry "CHN"]
[TimeControl "40/5400+30:1800+30"]

1. e4 c5 2. Nf3 d6 3. d4 cxd4 4. Nxd4 Nf6 5. f3 Nc6 6. c4 Qb6 7. Nc2 g6 8. Nc3
Bg7 9. Rb1 O-O 10. Be3 Qa5 11. Be2 Be6 12. b4 Qd8 13. Nd5 Rc8 14. Nd4 Nxd4 15.
Bxd4 Bxd5 16. exd5 Nd7 17. Be3 b5 18. cxb5 Rc3 19. Rb3 Rxe3 20. Rxe3 Qb6 21.
Rb3 Rc8 22. Qd2 Bd4 23. a4 Bg1 24. Kd1 Bd4 25. Ke1 Bg1 26. Kd1 Bd4 27. a5 Qc7
28. b6 axb6 29. Ba6 Ra8 30. Bb5 Bg7 31. Qc2 Qd8 32. Bxd7 Qxd7 33. Qc6 Qa7 34.
Qxb6 Qd7 35. Qc6 Qd8 36. a6 Rc8 37. Qb7 Rc7 38. Ra3 Bb2 39. Ra2 Rxb7 40. axb7
Qc7 41. Ra8+ Kg7 42. b8=Q Qc1+ 43. Ke2 Qc2+ 44. Ke3 Qc3+ 45. Ke2 Qc4+ 46. Kf2
Qc2+ 47. Ke3 Qc3+ 48. Ke2 Qc4+ 49. Kf2 Qd4+ 50. Ke2 Qc4+ 1/2-1/2